Map: 로스트 앤 파운드 - 래더

Players

Trap

  • Race: Protoss Protoss
  • League: Master
  • Spawn Location: 1:00

GOStephano (Stephano) - Winner!

  • Race: Zerg Zerg
  • Spawn Location: 7:00

Event: HomeStory Cup XVIII

VOD

Have the link to the VOD?

Description

Time

  • Played on: Nov. 23, 2018, 6:59 a.m.
  • Length: 20:18

All games in this series

Show
View Real Time Build Order
Export as new Build Order

Trap Protoss 

Build Orders: 1 Gate Expand, Oracle Opening, Zealot Archon, Archon Drop 

Get SALT Encoding   

  12  0:00  Probe  
  13  0:12  Probe  
  14  0:18  Pylon  
  14  0:24  Probe  
  15  0:32  Probe  
  15  0:40  Gateway, Probe  
  16  0:48  Assimilator  
  17  0:51  Probe  
  18  1:03  Probe  
  19  1:15  Probe  
  20  1:23  Nexus  
  20  1:32  Cybernetics Core  
  20  1:35  Probe  
  21  1:43  Assimilator  
  21  1:47  Probe  
  21  1:52  Pylon  
  22  1:59  Probe  
  23  2:01  Adept  
  23  2:11  Probe  
  26  2:15  Stargate  
  26  2:23  Probe  
  26  2:25  Warp Gate  
  27  2:32  Probe x2  
  27  2:34  Stalker  
  31  2:40  Probe x2  
  31  2:50  Probe x2  
  33  2:52  Oracle  
  35  3:03  Probe x2  
  40  3:06  Adept  
  40  3:12  Pylon  
  42  3:15  Probe  
  42  3:16  Probe  
  44  3:22  Gateway  
  44  3:23  Oracle  
  44  3:28  Probe x2  
  48  3:40  Probe x2  
  50  3:43  Assimilator  
  50  3:44  Pylon  
  50  3:46  Assimilator  
  50  3:52  Probe x2  
  52  3:56  Robotics Facility  
  52  4:04  Probe x2  
  52  4:09  Pylon  
  54  4:12  Twilight Council  
  54  4:16  Probe x2  
  56  4:28  Probe x2  
  56  4:32  Gateway  
  56  4:33  Gateway  
  56  4:34  Zealot x2  
  60  4:40  Warp Prism, Probe x2  
  60  4:42  Pylon  
  60  4:51  Templar Archives  
  62  4:54  Pylon  
  61  5:06  Nexus, Probe  
  62  5:08  Probe  
  63  5:14  Charge  
  63  5:17  Zealot x2  
  63  5:19  Probe  
  63  5:20  Probe  
  68  5:29  Shield Battery  
  68  5:31  Probe  
  68  5:32  Probe  
  70  5:40  High Templar x4  
  78  5:55  Archon x2  
  78  5:56  Probe x2  
  77  6:00  Forge  
  77  6:05  Gateway  
  77  6:10  Gateway, Probe  
  79  6:12  Zealot x3  
  79  6:13  Zealot  
  79  6:16  Gateway  
  79  6:17  Forge  
  87  6:25  Probe x2  
  87  6:26  Probe  
  87  6:33  Gateway  
  87  6:35  Pylon  
  87  6:37  Warp Prism  
  71  6:42  Protoss Ground Weapons Level 1  
  71  6:45  High Templar x4  
  72  6:49  Archon  
  72  6:50  Archon  
  72  6:54  Probe x2  
  70  7:06  Probe  
  70  7:08  Nexus  
  71  7:12  Pylon  
  71  7:14  Observer  
  71  7:21  Probe x2  
  71  7:22  High Templar x2  
  72  7:23  Zealot x2  
  72  7:26  Psionic Storm  
  72  7:28  Pylon, Archon  
  78  7:31  Nexus  
  78  7:32  Pylon x2  
  78  7:34  Pylon  
  78  7:35  Pylon  
  78  7:48  Zealot  
  80  7:52  Probe x2  
  82  8:01  Pylon  
  82  8:04  Assimilator, Probe  
  82  8:05  Probe  
  84  8:07  Observer  
  84  8:10  Assimilator  
  84  8:12  Protoss Ground Weapons Level 2  
  85  8:14  High Templar  
  85  8:15  High Templar, Zealot x5  
  99  8:24  Photon Cannon  
  99  8:27  Immortal  
  99  8:33  Probe x2  
  105  8:37  High Templar  
  107  8:43  Zealot  
  107  8:44  Zealot x3  
  107  8:45  Probe  
  107  8:47  Probe  
  107  8:48  Probe  
  118  8:57  Probe  
  118  8:58  Shield Battery, Photon Cannon, Immortal  
  121  9:13  Photon Cannon  
  121  9:19  Fleet Beacon  
  121  9:23  Photon Cannon  
  121  9:25  Zealot x2  
  121  9:29  High Templar x2  
  129  9:37  High Templar  
  129  9:41  Immortal  
  133  9:46  Zealot  
  130  9:53  Mothership  
  130  9:58  Gateway, Photon Cannon  
  130  10:01  Pylon  
  130  10:10  Immortal  
  136  10:24  Protoss Ground Weapons Level 3  
  136  10:25  Nexus  
  136  10:27  Pylon  
  136  10:32  Pylon  
  135  10:37  High Templar x2  
  139  10:46  Zealot x5  
  152  10:50  Immortal  
  152  10:53  Pylon  
  152  10:54  Pylon  
  152  10:58  Pylon  
  149  11:14  Pylon  
  139  11:23  Zealot x2  
  139  11:24  Zealot x2  
  143  11:29  Immortal  
  142  11:35  Dark Shrine  
  142  11:38  Zealot x3  
  146  11:46  Archon  
  118  11:54  Probe x3  
  118  11:58  Immortal  
  118  12:00  High Templar x4  
  129  12:04  Archon  
  129  12:06  Probe x2  
  129  12:07  Probe  
  136  12:16  High Templar x3  
  136  12:21  Archon  
  130  12:30  Warp Prism  
  130  12:32  Zealot x4  
  130  12:35  Probe  
  130  12:36  Probe x2  
  126  12:43  Nexus  
  128  12:52  Dark Templar x3  
  128  12:55  Dark Templar  
  136  13:06  Observer  
  135  13:15  Archon  
  125  13:24  Dark Templar x4  
  125  13:25  Zealot x2  
  135  13:29  Archon  
  135  13:30  Archon  
  135  13:42  Pylon  
  119  13:56  Archon  
  119  14:02  Zealot x3  
  103  14:03  Stalker x4  
  103  14:04  Immortal  
  82  14:24  Dark Templar x3  
  84  14:31  Immortal  
  84  14:35  High Templar x3  
  84  14:36  Zealot  
  82  14:56  Dark Templar  
  82  14:57  Dark Templar  
  82  14:58  Zealot x2  
  90  15:05  Immortal  
  88  15:13  Zealot x2  
  95  15:19  Tempest  
  95  15:21  Zealot x2  
  100  15:41  High Templar x2  
  104  15:51  Tempest  
  104  15:55  Archon  
  102  15:58  Observer  
  108  16:17  Dark Templar x2  
  112  16:21  Nexus  
  112  16:24  Tempest, Archon  
  108  16:49  Nexus  
  108  16:52  Dark Templar  
  108  16:53  Dark Templar  
  112  16:58  Archon  
  112  17:00  Oracle  
  112  17:33  Dark Templar x2, Zealot x4  
  112  17:34  Zealot  
  125  17:38  Archon  
  125  17:48  Nexus  
  125  17:50  Pylon  
  125  17:56  High Templar x2  
  125  17:57  Zealot x3  
  132  18:00  Archon  
  132  18:05  Tempest  
  131  18:19  Zealot x2  
  139  18:40  Oracle  
  139  18:43  Zealot  
  139  18:44  Zealot x3  
  135  19:30  Dark Templar x2  
  139  19:34  Archon  
  139  19:37  Nexus  
  130  20:11  Stalker x3  
Show
View Real Time Build Order
Export as new Build Order

GOStephano Zerg - Winner!

Build Orders: Hatch First, Brood Lord Corruptor, Swarm Host 

Get SALT Encoding   

  12  0:01  Drone  
  13  0:13  Overlord  
  13  0:17  Drone  
  14  0:31  Drone x2  
  16  0:47  Hatchery  
  15  0:50  Drone  
  15  0:54  Drone  
  17  0:57  Drone  
  18  1:08  Extractor  
  17  1:12  Spawning Pool  
  17  1:15  Drone  
  17  1:19  Drone  
  18  1:28  Drone  
  19  1:39  Drone  
  20  1:50  Drone  
  21  1:59  Queen x2  
  21  2:00  Zergling x2  
  26  2:03  Overlord  
  26  2:10  Drone  
  26  2:11  Drone  
  26  2:13  Metabolic Boost  
  29  2:22  Drone  
  29  2:23  Drone  
  30  2:32  Hatchery  
  30  2:36  Drone  
  30  2:41  Queen  
  32  2:46  Overlord  
  32  2:48  Zergling x2  
  32  2:51  Drone  
  34  2:54  Drone  
  34  2:56  Drone  
  36  3:07  Drone x2  
  36  3:08  Overlord  
  36  3:09  Drone x2  
  36  3:11  Drone  
  41  3:13  Drone  
  41  3:17  Queen  
  44  3:20  Evolution Chamber  
  44  3:25  Spore Crawler  
  42  3:27  Drone  
  42  3:32  Drone  
  44  3:34  Drone  
  44  3:35  Overlord  
  44  3:38  Drone, Spore Crawler  
  45  3:44  Drone x2  
  45  3:46  Drone, Zerg Melee Weapons Level 1  
  48  3:52  Drone x3  
  51  3:56  Drone x2  
  51  4:01  Overlord  
  53  4:03  Drone  
  53  4:08  Spore Crawler  
  52  4:11  Zergling x6  
  52  4:12  Drone  
  52  4:14  Overlord  
  56  4:22  Overlord  
  56  4:24  Spore Crawler  
  56  4:27  Drone x6  
  62  4:31  Overlord  
  62  4:32  Zergling x6  
  62  4:35  Lair  
  65  4:43  Drone x3  
  67  4:48  Extractor x2  
  65  4:55  Overlord  
  64  5:01  Hatchery, Zergling x2  
  64  5:02  Zergling x8  
  64  5:04  Queen x2  
  70  5:14  Zergling x16  
  78  5:26  Zergling x10  
  83  5:39  Queen  
  83  5:40  Zergling x2  
  83  5:41  Zergling x18  
  91  5:55  Drone  
  91  5:56  Drone x5  
  97  6:01  Drone, Hydralisk Den  
  97  6:04  Drone  
  97  6:07  Extractor  
  97  6:08  Drone  
  97  6:10  Overlord  
  97  6:11  Extractor  
  97  6:12  Extractor  
  97  6:13  Zergling x12  
  102  6:20  Zergling x4  
  101  6:26  Overlord x2  
  99  6:38  Zergling x22  
  89  6:44  Drone x4  
  89  6:46  Baneling Nest  
  85  6:52  Drone x2  
  85  6:53  Muscular Augments  
  86  7:00  Zerg Melee Weapons Level 2  
  86  7:01  Drone x2  
  86  7:06  Drone x5  
  93  7:15  Hatchery  
  92  7:19  Hydralisk x4  
  92  7:20  Hydralisk  
  102  7:30  Centrifical Hooks  
  102  7:31  Drone  
  102  7:32  Drone x2  
  102  7:35  Hydralisk x3  
  111  7:37  Overlord  
  110  7:51  Infestation Pit  
  109  7:52  Baneling x8  
  109  8:00  Hydralisk x7  
  109  8:03  Overseer  
  122  8:10  Drone x8  
  127  8:17  Grooved Spines  
  127  8:27  Drone x6  
  127  8:32  Hydralisk  
  134  8:35  Overlord x3  
  134  8:40  Baneling x7  
  134  8:43  Extractor  
  134  8:45  Extractor  
  134  8:47  Pneumatized Carapace  
  132  8:53  Overlord  
  132  8:54  Overlord x2  
  132  9:06  Swarm Host x8  
  156  9:11  Hatchery  
  156  9:16  Zerg Missile Weapons Level 1, Zergling x22  
  166  9:28  Swarm Host x6  
  184  9:35  Zergling x4  
  184  9:37  Overlord  
  184  9:39  Baneling x10  
  182  9:48  Overlord  
  180  9:53  Swarm Host  
  180  9:55  Overlord x2  
  183  10:08  Zergling x32  
  183  10:12  Hive  
  183  10:14  Spire  
  196  10:26  Baneling  
  196  10:27  Baneling x6  
  196  10:30  Spine Crawler x2, Zergling x8  
  198  10:35  Baneling  
  198  10:36  Baneling x8  
  198  10:49  Drone  
  199  10:51  Overlord  
  197  11:14  Zergling x16  
  195  11:20  Zergling x10  
  198  11:25  Zerg Melee Weapons Level 3  
  198  11:27  Evolution Chamber  
  197  11:39  Overlord  
  188  11:53  Corruptor x8  
  198  12:02  Extractor  
  198  12:03  Extractor  
  191  12:10  Zergling x16  
  191  12:12  Greater Spire  
  191  12:13  Spire  
  184  12:26  Zergling x30  
  187  12:31  Zergling x2  
  187  12:32  Zergling x18  
  193  12:38  Zerg Ground Armor Level 1  
  193  12:39  Pathogen Glands  
  193  12:42  Corruptor x3  
  199  12:52  Baneling x17  
  199  12:58  Overseer x3  
  192  13:18  Hydralisk x16  
  190  13:28  Brood Lord x2  
  190  13:30  Zergling x12  
  200  13:41  Overseer x2  
  189  13:58  Zergling x2  
  189  13:59  Zergling x20  
  178  14:08  Hydralisk  
  152  14:20  Corruptor x6  
  163  14:38  Brood Lord  
  162  14:51  Brood Lord x3  
  162  14:52  Hatchery  
  167  15:00  Drone x5  
  167  15:14  Overseer  
  164  15:24  Brood Lord x3  
  157  15:44  Hatchery  
  156  16:07  Zergling x4  
  158  16:19  Hatchery  
  157  16:32  Zergling x6  
  160  16:33  Drone x4  
  164  16:47  Corruptor x2  
  164  16:48  Corruptor x3  
  164  16:53  Neural Parasite  
  174  17:03  Spine Crawler  
  174  17:06  Spore Crawler  
  172  17:23  Spine Crawler  
  171  17:31  Corruptor x5  
  181  17:37  Infestor x2  
  185  17:58  Spore Crawler x2  
  183  18:04  Corruptor  
  183  18:05  Corruptor  
  185  18:28  Infestor x7  
  199  18:37  Overseer x2  
  199  18:45  Spore Crawler  
  198  18:55  Infestor  
  200  19:17  Spine Crawler  
  197  19:37  Infestor  
Tags
 
Add a new tag
Caveats
  • Supply blocks, unpowered buildings, or Contaminate may cause inaccurate times.
  • Supply counts are checked every 10 seconds.